 Dungeon Crawl Stone Soup version 0.31.0-11-ge490571c62 (webtiles) character file.

Game seed: 14652628719289111378

987 Ashen the Sneak (level 8, -8/58 HPs)
             Began as a Gnoll Enchanter on Feb 7, 2024.
             Mangled by a wight
             ... wielding a +2 heavy great sword
              (18 damage)
             ... on level 6 of the Dungeon.
             The game lasted 00:08:33 (5197 turns).

Ashen the Sneak (Gnoll Enchanter)                   Turns: 5197, Time: 00:08:33

Health: -8/58      AC:  4    Str: 10    XL:     8   Next: 18%
Magic:  4/17       EV: 14    Int: 16    God:
Gold:   24         SH:  0    Dex: 14    Spells: 5/19 levels left

rFire   . . .        w - +10 dagger "Bedgh" {pain, Will+ rCorr Str+3}
rCold   . . .        (no shield)
rNeg    . . .        n - +1 robe
rPois   .            (no helmet)
rElec   .            (no cloak)
rCorr   +            e - +0 pair of gloves
SInv    .            (no boots)
Will    +....        (no amulet)
Stlth   +++          (no ring)
HPRegen 0.29/turn    (no ring)
MPRegen 0.15/turn

%: no passive effects
@: confusing by touch
A: fangs 1, strong nose, distributed training
a: no special abilities


You were on level 6 of the Dungeon.
You visited 1 branch of the dungeon, and saw 6 of its levels.

You collected 199 gold pieces.
You spent 175 gold pieces at shops.

Inventory:

Hand Weapons
 r - a +2 whip of electrocution
 w - the +10 dagger "Bedgh" (weapon) {pain, Will+ rCorr Str+3}
   (You bought it in a shop on level 5 of the Dungeon)

   Str+3:     It affects your strength (+3).
   Will+:     It increases your willpower.
   rCorr:     It protects you from acid and corrosion.
Missiles
 k - 10 poisoned darts (quivered)
Armour
 e - a +0 pair of gloves (worn)
 n - a +1 robe (worn)
Jewellery
 q - a ring of protection from fire
 t - a ring of resist corrosion
Scrolls
 d - 2 scrolls of enchant armour {unknown}
 h - a scroll of enchant weapon {unknown}
 l - 10 scrolls of identify {unknown}
 m - 2 scrolls of immolation {unknown}
 o - a scroll of fog {unknown}
 s - a scroll of noise {unknown}
 u - a scroll of teleportation {unknown}
 v - a scroll of revelation {unknown}
Potions
 a - a potion of berserk rage {unknown}
 b - a potion of attraction {unknown}
 c - 2 potions of invisibility
 f - a potion of resistance {unknown}
 g - 2 potions of brilliance {unknown}
 i - 2 potions of might {unknown}
 j - a potion of mutation {unknown}
 p - 4 potions of curing {unknown}


   Skills:
 + Level 3.1 Fighting
 + Level 4.1 Short Blades
 + Level 3.1 Long Blades
 + Level 3.1 Axes
 + Level 3.1 Maces & Flails
 + Level 3.1 Polearms
 + Level 3.1 Staves
 + Level 3.1 Ranged Weapons
 + Level 3.1 Throwing
 + Level 3.1 Armour
 + Level 5.6 Dodging
 + Level 6.8 Stealth
 + Level 3.1 Shields
 + Level 3.1 Unarmed Combat
 + Level 6.0 Spellcasting
 + Level 2.5 Conjurations
 + Level 6.1 Hexes
 + Level 2.5 Summonings
 + Level 2.5 Necromancy
 + Level 2.5 Translocations
 + Level 2.5 Fire Magic
 + Level 2.5 Ice Magic
 + Level 2.5 Air Magic
 + Level 2.5 Earth Magic
 + Level 2.5 Alchemy
 + Level 3.5 Invocations
 + Level 3.1 Evocations
 + Level 2.8 Shapeshifting


You had 5 spell levels left.
You knew the following spells:

 Your Spells              Type           Power      Damage    Failure   Level
a - Ensorcelled Hibernat  Hex/Ice        36%        N/A       3%          2
b - Confusing Touch       Hex            24%        N/A       3%          3
c - Tukima's Dance        Hex            24%        N/A       3%          3
d - Dazzling Flash        Conj/Hex       36%        N/A       7%          3
e - Mephitic Cloud        Conj/Alch/Air  13%        N/A       14%         3

Your spell library contained the following spells:

 Spells                   Type           Power      Damage    Failure   Level
 Apportation              Tloc           26%        N/A       4%          1
 Freeze                   Ice            52%        1d6       4%          1
 Necrotise                Necr           52%        1d6       4%          1
 Sting                    Conj/Alch      52%        1d6       4%          1
 Summon Small Mammal      Summ           52%        N/A       4%          1
 Call Canine Familiar     Summ           13%        N/A       14%         3
 Frozen Ramparts          Ice            26%        1d4       14%         3
 Hailstorm                Conj/Ice       13%        3d6       14%         3
 Summon Blazeheart Golem  Fire/Summ      13%        N/A       43%         4
 Silence                  Hex/Air        9%         N/A       54%         5
 Curse of Agony           Necr           13%        N/A       80%         5


Dungeon Overview and Level Annotations

Branches:
Dungeon (6/15)
 Temple: D:4-7

Altars:
Cheibriados
Dithmenos
Fedhas
Gozag
Hepliaklqana
Okawaru
Xom
Yredelemnul
The Shining One

Shops:
D:5 (

Annotations:
D:3 Grinder


Innate Abilities, Weirdness & Mutations

You have very sharp teeth.
Your uncanny sense of smell can sniff out nearby items.
Your experience applies equally to all skills.


Message History

You hit the wight but do no damage. The wight hits you with a +3 war axe!
The wight completely misses you.
You hit the wight but do no damage.
The wight appears confused.
You barely miss the wight. Your bite misses the wight.
The wight hits the wight with a +3 war axe!
The wight hits you with a +3 war axe!
You feel drained.
You barely miss the wight. The wight closely misses you.
You puncture the wight!
The wight is heavily damaged.
The wight misses you.
You catch the helpless wight completely off-guard!
You impale the wight!!
You destroy the wight!
Your life force feels restored.
Casting: Confusing Touch (dangerous; 3% risk of failure)
Confirm with . or Enter, or press ? or * to list all spells.
Your hands begin to glow red.
The wight closely misses you.
You closely miss the wight. You bite the wight, but do no damage.
The wight is severely damaged.
You hit the wight but do no damage.
The wight is severely damaged.
The wight hits you with a +0 hand axe!
You hit the wight but do no damage. Your bite misses the wight.
The wight is severely damaged.
The wight hits you with a +0 hand axe!
* * * LOW HITPOINT WARNING * * *
You hit the wight but do no damage.
The wight appears confused.
The wight is severely damaged.
The wight barely misses you.
You strike the helpless wight from behind!
You impale the wight!!
You destroy the wight!
Your Spellcasting skill increases to level 6!
Casting: Confusing Touch (dangerous; 3% risk of failure)
Confirm with . or Enter, or press ? or * to list all spells.
Your hands begin to glow red.
The wight barely misses you.
You hit the wight but do no damage. You barely miss the wight.
The wight hits you with a +2 heavy great sword!!
You die...

## .. ## .# .. #. #.
.####.# #.##.#....z.
#.##...##.##
#####.###).#...#
>......@z......#
######.###..#...#
............######
######.#.....$......
....................
#####..#####.######
#..# .# # #..# .# #.
#).# .#


You could see a wight.

Vanquished Creatures
  An ogre (D:6)
  A phantom (D:5)
  A bullfrog (D:6)
  A scorpion (D:5)
  4 wights (D:6)
  A bombardier beetle (D:5)
  A jelly (D:5)
  5 hounds
  A sleepcap (D:6)
  Jessica (D:2)
  An orc wizard (D:5)
  8 adders
  4 gnolls
  A white imp (D:6)
  A ribbon worm (D:4)
  5 orcs
  5 ball pythons
  5 endoplasms
  4 giant cockroaches
  8 goblins
  7 hobgoblins
  9 jackals
  7 quokkas
  5 bats
  5 frilled lizards
  9 kobolds
  7 rats
108 creatures vanquished.

Notes
Turn   | Place    | Note
-------+----------+-------------------------------------------
     0 | D:1      | Ashen the Gnoll Enchanter began the quest for the Orb.
     0 | D:1      | Reached XP level 1. HP: 13/13 MP: 6/6
   208 | D:1      | Reached XP level 2. HP: 16/19 MP: 7/7
   233 | D:1      | Learned a level 2 spell: Ensorcelled Hibernation
   315 | D:1      | Found a faded altar of an unknown god.
   427 | D:1      | Reached skill level 5 in Spellcasting
   427 | D:1      | Reached XP level 3. HP: 21/25 MP: 7/9
   431 | D:1      | Learned a level 3 spell: Confusing Touch
   435 | D:1      | Learned a level 3 spell: Tukima's Dance
   439 | D:1      | Learned a level 3 spell: Dazzling Flash
   792 | D:2      | Identified the amulet of Departure {Spirit Will- Int+4}
   916 | D:2      | Reached skill level 1 in Invocations
  1097 | D:2      | Reached skill level 1 in Fighting
  1097 | D:2      | Reached skill level 1 in Long Blades
  1097 | D:2      | Reached skill level 1 in Axes
  1097 | D:2      | Reached skill level 1 in Maces & Flails
  1097 | D:2      | Reached skill level 1 in Polearms
  1097 | D:2      | Reached skill level 1 in Staves
  1097 | D:2      | Reached skill level 1 in Ranged Weapons
  1097 | D:2      | Reached skill level 1 in Throwing
  1097 | D:2      | Reached skill level 1 in Armour
  1097 | D:2      | Reached skill level 1 in Shields
  1097 | D:2      | Reached skill level 1 in Unarmed Combat
  1097 | D:2      | Reached skill level 1 in Evocations
  1121 | D:2      | Noticed Jessica
  1128 | D:2      | Killed Jessica
  1129 | D:2      | Reached skill level 1 in Shapeshifting
  1129 | D:2      | Reached XP level 4. HP: 32/32 MP: 11/11
  1221 | D:2      | Reached skill level 1 in Conjurations
  1221 | D:2      | Reached skill level 1 in Summonings
  1221 | D:2      | Reached skill level 1 in Necromancy
  1221 | D:2      | Reached skill level 1 in Translocations
  1221 | D:2      | Reached skill level 1 in Fire Magic
  1221 | D:2      | Reached skill level 1 in Ice Magic
  1221 | D:2      | Reached skill level 1 in Air Magic
  1221 | D:2      | Reached skill level 1 in Earth Magic
  1221 | D:2      | Reached skill level 1 in Alchemy
  1672 | D:3      | Noticed Grinder
  1794 | D:3      | Found a hazy altar of Hepliaklqana.
  1922 | D:3      | Found an iron altar of Okawaru.
  1971 | D:3      | Found a glowing golden altar of the Shining One.
  1995 | D:3      | Found a blossoming altar of Fedhas.
  2181 | D:3      | Reached XP level 5. HP: 33/37 MP: 5/12
  2244 | D:3      | Found a snail-covered altar of Cheibriados.
  3185 | D:4      | Found a shimmering altar of Xom.
  3186 | D:4      | Found a shadowy altar of Dithmenos.
  3186 | D:4      | Found a basalt altar of Yredelemnul.
  3188 | D:4      | Found an opulent altar of Gozag.
  3906 | D:5      | Entered Level 5 of the Dungeon
  3945 | D:5      | Reached XP level 6. HP: 44/44 MP: 2/14
  4067 | D:5      | Learned a level 3 spell: Mephitic Cloud
  4087 | D:5      | Reached skill level 5 in Dodging
  4396 | D:5      | Reached XP level 7. HP: 32/50 MP: 12/15
  4518 | D:5      | Found Riede's Antique Weapon Shop.
  4687 | D:5      | Bought a brightly glowing dagger for 175 gold pieces
  4687 | D:5      | Identified the +10 dagger "Bedgh" {pain, Will+ rCorr Str+3}
                  | (You bought it in a shop on level 5 of the Dungeon)
  5177 | D:6      | Reached XP level 8. HP: 42/58 MP: 12/16
  5197 | D:6      | Mangled by a wight

Illustrated notes

Levels and vault maps discovered:
D:1:      dpeg_arrival_more_subterranean_lakeside_camping, layout_loops_cross,
          basic_ecumenical_altar
D:2:      layout_basic, uniq_jessica
D:3:      layout_loops_ring, fedhas_altar_2, mainiacjoe_overflow_paths,
          nicolae_tso_carved_into_rock, nicolae_overflow_crystal_walls,
          mainiacjoe_overflow_boulevard, gammafunk_ghost_smash, uniq_grinder
D:4:      layout_gridville, chequers_temple_overflow_statue_of_worship,
          minmay_pentangle
D:5:      layout_cave_pools, serial_shops, shop
D:6:      layout_loops_ring

Skill      XL: |  1  2  3  4  5  6  7  8 |
---------------+-------------------------+-----
Spellcasting   | 5 6 |  6.0
Stealth        | 6 |  6.8
Invocations    | 1 2 3 |  3.5
Fighting       | 1 2 3 |  3.1
Long Blades    | 1 2 3 |  3.1
Axes           | 1 2 3 |  3.1
Maces & Flails | 1 2 3 |  3.1
Polearms       | 1 2 3 |  3.1
Staves         | 1 2 3 |  3.1
Ranged Weapons | 1 2 3 |  3.1
Throwing       | 1 2 3 |  3.1
Armour         | 1 2 3 |  3.1
Shields        | 1 2 3 |  3.1
Unarmed Combat | 1 2 3 |  3.1
Evocations     | 1 2 3 |  3.1
Shapeshifting  | 1 2 |  2.8
Conjurations   | 1 2 |  2.5
Summonings     | 1 2 |  2.5
Necromancy     | 1 2 |  2.5
Translocations | 1 2 |  2.5
Fire Magic     | 1 2 |  2.5
Ice Magic      | 1 2 |  2.5
Air Magic      | 1 2 |  2.5
Earth Magic    | 1 2 |  2.5
Alchemy        | 1 2 |  2.5
Short Blades   | 3 4 |  4.1
Dodging        | 5 |  5.6
Hexes          | 6 |  6.1

Action                     |  1- 3 |  4- 6 |  7- 9 || total
---------------------------+-------+-------+-------++-------
  Melee: Dagger            |   132 |   155 |    65 ||   352
         Bite              |    11 |     8 |    10 ||    29
         Punch             |     1 |     1 |     2 ||     4
  Throw: Dart              |       |     1 |       ||     1
   Cast: Ensorcelled Hiber |     1 |    35 |    15 ||    51
         Confusing Touch   |       |     2 |     6 ||     8
         Tukima's Dance    |       |       |     3 ||     3
         Dazzling Flash    |       |       |     1 ||     1
   Stab: Sleeping          |    11 |    36 |    10 ||    57
         Confused          |       |     1 |     4 ||     5
 Armour: Robe              |    60 |    68 |    38 ||   166
  Dodge: Dodged            |    71 |   116 |    35 ||   222
